 Dungeon Crawl Stone Soup version 0.28-a0-987-g8383568036 (webtiles) character file.

Game seed: 4218853353368468046

49 AarnesTheHuman the Chiller (level 3, -4/26 HPs)
             Began as a Merfolk Ice Elementalist on Dec 4, 2021.
             Slain by Sigmund (8 damage)
             ... on level 2 of the Dungeon.
             The game lasted 00:05:38 (1760 turns).

AarnesTheHuman the Chiller (MfIE)                   Turns: 1760, Time: 00:05:39

Health: -4/26      AC:  5    Str:  8    XL:     3   Next: 77%
Magic:  6/6        EV: 13    Int: 16    God:
Gold:   43         SH:  0    Dex: 14    Spells: 2/6 levels left

rFire   . . .      SeeInvis .   f - +0 spear
rCold   . . .      Faith    .   (no shield)
rNeg    . . .      Spirit   .   c - +0 robe
rPois   .          Reflect  .   g - +0 helmet
rElec   .          Harm     .   (no cloak)
rCorr   .          Rampage  .   n - +1 pair of gloves
Will    .....                   (no boots)
Stlth   ++........              (no amulet)
HPRegen 0.08/turn               (no ring)
MPRegen 0.10/turn               (no ring)

@: brilliant, attractive
A: (nimble swimmer 2), mertail
a: no special abilities


You were on level 2 of the Dungeon.
You visited 1 branch of the dungeon, and saw 2 of its levels.

You collected 43 gold pieces.

Inventory:

Hand Weapons
 a - a +2 dagger of protection
 b - a +0 dagger
 f - a +0 spear (weapon)
 i - a +0 hunting sling of freezing
 k - a +0 whip of pain
Missiles
 d - 75 stones
 e - 14 poisoned darts
 j - 2 javelins
Armour
 c - a +0 robe (worn)
 g - a +0 helmet (worn)
 n - a +1 pair of gloves (worn)
Scrolls
 h - a scroll of noise {unknown}
 o - a scroll of enchant armour {unknown}
 p - a scroll of identify {unknown}


   Skills:
 + Level 1.3 Fighting
 + Level 1.2 Polearms
 - Level 3.0 Dodging
 - Level 2.1 Stealth
 + Level 2.3 Spellcasting
 * Level 5.0 Ice Magic


You had 2 spell levels left.
You knew the following spells:

 Your Spells              Type           Power      Damage    Failure   Level
a - Freeze                Ice            100%       1d11      2%          1
b - Frozen Ramparts       Ice            54%        1d7       8%          3

Your spell library contained the following spells:

 Spells                   Type           Power      Damage    Failure   Level
 Ozocubu's Armour         Ice            27%        N/A       8%          3
 Hailstorm                Conj/Ice       15%        3d5       56%         4


Dungeon Overview and Level Annotations

Branches:
Dungeon (2/15)

Altars:
Yredelemnul

Annotations:
D:2 Sigmund


Innate Abilities, Weirdness & Mutations

((You are quick and stealthy near water. (Stealth+, EV+, Speed+++)))
Your lower body shifts to a powerful aquatic tail in water.


Message History

* * * LOW HITPOINT WARNING * * *
Sigmund gestures at you while chanting.
You are confused.
It was a potion of brilliance.
You feel clever all of a sudden.
Okay, then.
It was a potion of attraction.
You feel attractive to monsters. Sigmund is attracted toward you.
You're too confused to cast spells.
Unknown command.
You are too confused!
Unknown command.
Unknown command.
Sorry, you're not good enough to have a special ability.
Unknown command.
You are too confused!
Sigmund barely misses you.
You hit Sigmund.
Sigmund is lightly wounded.
You bump into the rock wall.
Sigmund gestures wildly while chanting.
Sigmund flickers and vanishes!
You're too confused to cast spells.
Unknown command.
You're too confused to cast spells.
Sorry, you're not good enough to have a special ability.
You barely miss something. Something hits you but does no damage.
You're too confused to cast spells.
Sorry, you're not good enough to have a special ability.
Unknown command.
Unknown command.
You're too confused to cast spells.
Unknown command.
You feel less confused. Something hits you.
* * * LOW HITPOINT WARNING * * *
You hit something but do no damage. You hit something. Something hits you!
You die...

##.# ##.#..# #.# #.@..##
#.# ###...## . #.##
###..## ... #..# ##..####
....####.#### ##....#
#..#.......# ##...#
#..........#########....#
#..............@{....##.#
###..............#####
..# #........####.## ..#
#........# #.. #.#
##.......# ##.. .#
#..........# #.# #
..##........# .. #
#####...... ... ######
#.#...##


There were no monsters in sight!

Vanquished Creatures
  An adder (D:2)
  2 endoplasms
  3 giant cockroaches
  4 goblins
  A hobgoblin (D:2)
  3 jackals (D:1)
  3 quokkas
  5 ball pythons
  7 bats
  5 kobolds
  6 rats (D:1)
40 creatures vanquished.

Notes
Turn   | Place    | Note
-------+----------+-------------------------------------------
     0 | D:1      | AarnesTheHuman the Merfolk Ice Elementalist began the quest
                  | for the Orb.
     0 | D:1      | Reached XP level 1. HP: 13/13 MP: 3/3
   193 | D:1      | Reached XP level 2. HP: 20/20 MP: 3/5
   859 | D:1      | Reached skill level 1 in Fighting
  1059 | D:1      | Reached XP level 3. HP: 25/26 MP: 6/6
  1063 | D:1      | Learned a level 3 spell: Frozen Ramparts
  1395 | D:2      | Noticed Sigmund
  1434 | D:2      | Found a faded altar of an unknown god.
  1463 | D:2      | Reached skill level 1 in Polearms
  1472 | D:2      | Reached skill level 5 in Ice Magic
  1732 | D:2      | Found a basalt altar of Yredelemnul.
  1760 | D:2      | Slain by Sigmund

Illustrated notes

Levels and vault maps discovered:
D:1:      noname_arrival_rooms_in_the_neighbourhood, layout_basic, minivault_4
D:2:      layout_rooms, nicolae_ecumenical_pavilion, basic_altar,
          grunt_ministairs_1, uniq_sigmund

Skill      XL: |  1  2  3 |
---------------+----------+-----
Dodging        | 3 |  3.0
Fighting       | 1 |  1.3
Polearms       | 1 |  1.2
Ice Magic      | 5 |  5.0
Stealth        | |  2.1
Spellcasting   | |  2.3

Action                   || total
-------------------------++-------
Melee: Spear             ||    85
       Dagger            ||     4
 Cast: Freeze            ||    23
  Use: Potion            ||     2
 Stab: Sleeping          ||    12
Armor: Robe              ||    24
Dodge: Dodged            ||    52

Table legend: (Time is in decaauts)
 A = Elapsed time spent in this place.
 B = Non-inter-level travel time spent in this place.
 C = Inter-level travel time spent in this place.
 D = Time resting spent in this place.
 E = Time spent auto-exploring this place.
 F = Levels seen in this place.
 G = Mean time per level.
                   A        B        C        D        E       F      G
               +--------+--------+--------+--------+--------+-----+--------+
         Total |   1758 |   1636 |    122 |    189 |    985 |   2 |  879.0 |
       Dungeon |   1758 |   1636 |    122 |    189 |    985 |   2 |  879.0 |
               +--------+--------+--------+--------+--------+-----+--------+

Top non-repeatable levels by time:
     D:1: 1499 daAuts
     D:2: 259 daAuts
